 Dungeon Crawl Stone Soup version 0.31.0-9-g3a7656b989 (webtiles) character file.

Game seed: 3060806305463051964

81 qw the Shooter (level 4, 0/22 HPs)
             Began as a Spriggan Hunter on Feb 2, 2024.
             Slain by Ijyb
             ... wielding a +0 dagger
              (3 damage)
             ... on level 3 of the Dungeon.
             The game lasted 00:00:06 (1582 turns).

qw the Shooter (Spriggan Hunter)                    Turns: 1582, Time: 00:00:07

Health: 0/22       AC:  2    Str:  7    XL:     4   Next: 19%
Magic:  5/5        EV: 16    Int: 10    God:
Gold:   148        SH:  0    Dex: 20    Spells: 3/3 levels left

rFire   . . .        a - +0 shortbow
rCold   . . .        (shield currently unavailable)
rNeg    . . .        c - +0 robe
rPois   .            (helmet restricted)
rElec   .            (no cloak)
rCorr   .            (gloves unavailable)
SInv    +            (boots unavailable)
Will    .....        (no amulet)
Stlth   +            (no ring)
HPRegen 0.23/turn    (no ring)
MPRegen 0.09/turn

%: no passive effects
@: confused, constricted, very quick
A: very small, no large weapons, unfitting armour, see invisible, speed 3
a: no special abilities


You were on level 3 of the Dungeon.
You visited 1 branch of the dungeon, and saw 3 of its levels.

You collected 148 gold pieces.


Innate Abilities, Weirdness & Mutations

You are very small and have problems with some larger weapons.
You are too small for most types of armour.
You have supernaturally acute eyesight. (SInv)
You cover ground extremely quickly. (Speed+++)


   Skills:
 - Level 1.5 Fighting
 - Level 5.2 Ranged Weapons
 + Level 4.1 Dodging
 - Level 1.5 Stealth


You had 3 spell levels left.
You didn't know any spells.
Your spell library was empty.

Inventory:

Hand Weapons
 a - a +0 shortbow (weapon)
Armour
 c - a +0 robe (worn)
Potions
 f - a potion of resistance
 g - a potion of brilliance {unknown}

Dungeon Overview and Level Annotations

Branches:
Dungeon (3/15)

Altars:

Annotations:
D:3 Ijyb


Message History

You shoot an arrow. The arrow hits Ijyb but does no damage.
Ijyb is almost dead.
The ball python barely misses you. The ball python completely misses you.
Ijyb closely misses you.
You shoot an arrow. The arrow closely misses Ijyb.
The ball python completely misses you. The ball python misses you.
Ijyb zaps a wand.
You easily resist.
The ball python completely misses you. The ball python closely misses you.
You shoot an arrow. The arrow hits Ijyb.
Ijyb is almost dead.
Ijyb zaps a wand.
Your will is overpowered!
You are confused.
The ball python closely misses you. The ball python grabs you.
The ball python constricts you. Ijyb hits you with a +0 dagger.
The ball python misses you. The ball python constricts you.
Ijyb zaps a wand.
Your will is overpowered!
You are more confused.
The ball python barely misses you. The ball python constricts you.
The ball python completely misses you. The ball python constricts you.
Ijyb zaps a wand.
You easily resist.
The ball python misses you. The ball python constricts you.
Ijyb zaps a wand.
Your will is overpowered!
You are more confused.
The ball python closely misses you. The ball python constricts you.
Ijyb closely misses you. The ball python misses you.
The ball python constricts you.
Ijyb screams, "Me very upset!"
Ijyb closely misses you.
The ball python bites you but does no damage.
The ball python constricts you.
Ijyb zaps a wand.
Your will is overpowered!
You are more confused.
The ball python misses you. The ball python constricts you.
The ball python closely misses you. The ball python constricts you.
Ijyb misses you. The ball python bites you. The ball python constricts you.
Ijyb hits you with a +0 dagger. The ball python closely misses you.
The ball python constricts you. Ijyb hits you with a +0 dagger.
You die...

....................
######.........)....
##...................#
###..###.###..........##
.....###. ####.#######
......#.. ##..#
........# #..##
......S.#####.##
......g@<.....#
.............%.#
#...............#
#...............#
#....#......>...#
#..#.#..........# ##..
#..........# ##.
##........##


You could see Ijyb and a ball python.

Vanquished Creatures
  A hound (D:3)
  2 dart slugs (D:2)
  A ribbon worm (D:2)
  5 ball pythons
  7 bats
  6 endoplasms
  2 giant cockroaches
  4 goblins
  2 hobgoblins
  2 jackals (D:1)
  4 frilled lizards
  2 kobolds (D:2)
  8 rats
46 creatures vanquished.

Notes
Turn   | Place    | Note
-------+----------+-------------------------------------------
     0 | D:1      | qw the Spriggan Hunter began the quest for the Orb.
     0 | D:1      | Reached XP level 1. HP: 10/10 MP: 2/2
     0 | D:1      | 0 ||| qw: Version: 0.3-a-155-g5e7d8dd
     0 | D:1      | 0 ||| qw: Game counter: 351
     0 | D:1      | 0 ||| qw: Melee chars always use a shield: true
     0 | D:1      | 0 ||| qw: God list: Okawaru
     0 | D:1      | 0 ||| qw: Allow faded altars: false
     0 | D:1      | 0 ||| qw: Do Orc after clearing Dungeon:15 true
     0 | D:1      | 0 ||| qw: Do second Lair branch before Depths: true
     0 | D:1      | 0 ||| qw: Lair rune preference: random
     0 | D:1      | 0 ||| qw: Goals: Normal
     0 | D:1      | 0 ||| PLANNING D:1-11
    39 | D:1      | Found a faded altar of an unknown god.
    57 | D:1      | Reached skill level 3 in Dodging
   170 | D:1      | Reached XP level 2. HP: 10/14 MP: 3/3
   688 | D:1      | 688 ||| READING scroll labelled QAUVUI MICHEI.
   689 | D:1      | 689 ||| READING scroll labelled TUNUENA BIOTUA.
   693 | D:1      | 693 ||| DRINKING 2 fuming golden potions.
   694 | D:1      | 694 ||| DROPPING scroll of butterflies.
   695 | D:1      | 695 ||| DROPPING potion of attraction.
   865 | D:2      | Reached XP level 3. HP: 18/18 MP: 4/4
  1132 | D:2      | You fall into a shaft and drop 1 floor!
  1165 | D:3      | 1165 ||| READING scroll labelled QAFREPSIEHE.
  1165 | D:3      | 1165 ||| IDENTIFYING viscous green potion
  1166 | D:3      | 1166 ||| READING scroll labelled SOSUNU YTEH.
  1267 | D:3      | 1267 ||| READING scroll labelled YRANU YSUNU.
  1268 | D:3      | 1268 ||| READING scroll labelled ACUSENY XOAT.
  1269 | D:3      | 1269 ||| READING scroll labelled POGAPE AXEI.
  1270 | D:3      | 1270 ||| DRINKING 2 bubbling sapphire potions.
  1277 | D:3      | Reached skill level 5 in Ranged Weapons
  1277 | D:3      | Reached XP level 4. HP: 22/22 MP: 5/5
  1297 | D:3      | 1297 ||| FLEEEEING.
  1298 | D:3      | 1298 ||| FLEEEEING.
  1299 | D:3      | 1299 ||| STAIRDANCE
  1530 | D:3      | Noticed Ijyb
  1535 | D:3      | 1535 ||| DRINKING 2 potions of curing.
  1535 | D:3      | 1535 ||| (to cure confusion)
  1539 | D:3      | 1539 ||| DRINKING potion of curing.
  1539 | D:3      | 1539 ||| (to cure confusion)
  1576 | D:3      | HP: 5/22 [constriction (1)]
  1581 | D:3      | HP: 4/22 [ball python (2)]
  1582 | D:3      | Slain by Ijyb

Levels and vault maps discovered:
D:1:      scummos_arrival_hexagon, layout_basic, shapermc_ecumenical_altar_venn
D:2:      layout_basic
D:3:      layout_rooms, nicolae_yredelemnul_ghost_church, minmay_rat_hole,
          uniq_ijyb

Skill      XL: |  1  2  3 |
---------------+----------+-----
Dodging        | 3 4 |  4.1
Ranged Weapons | 5 |  5.2
Fighting       | |  1.5
Stealth        | |  1.5

Action                     |  1- 3 |  4- 6 || total
---------------------------+-------+-------++-------
   Fire: Shortbow          |   111 |    46 ||   157
    Use: Scroll            |     7 |       ||     7
         Potion            |     2 |     2 ||     4
 Armour: Robe              |    14 |    18 ||    32
  Dodge: Dodged            |    37 |    52 ||    89

Table legend:
 A = Non-vault XP
 B = Vault XP
 C = Vault XP percentage of total XP
 D = Non-vault monster count
 E = Vault monster count
 F = Vault count percentage of total count
                 A         B        C        D         E       F
            +---------+---------+-------+---------+---------+-------
      Total |     116 |       0 |   0.0 |      46 |       0 |   0.0
            +---------+---------+-------+---------+---------+-------
        D:1 |      29 |       0 |   0.0 |      20 |       0 |   0.0
        D:2 |      37 |       0 |   0.0 |      19 |       0 |   0.0
        D:3 |      50 |       0 |   0.0 |       7 |       0 |   0.0
            +---------+---------+-------+---------+---------+-------
